 Dungeon Crawl Stone Soup version 0.32-a0-909-gc671339a80 (webtiles) character file.

Game seed: 15260845049310535177

48062 ragingrage the Nimble (level 14, -3/101 HPs)
             Began as an Octopode Gladiator on Apr 6, 2024.
             Was an Initiate of Gozag.
             Slain by a death yak (17 damage)
             ... on level 4 of the Lair of Beasts.
             The game lasted 00:31:29 (21741 turns).

ragingrage the Nimble (Octopode Gladiator)         Turns: 21741, Time: 00:31:30

Health: -3/101     AC:  7    Str: 14    XL:     14   Next: 44%
Magic:  14/14      EV: 19    Int: 19    God:    Gozag
Gold:   2166       SH:  0    Dex: 15    Spells: 8/13 levels left

rFire   . . .        a - +5 scimitar (freeze)
rCold   . . .        (no shield)
rNeg    . . .        d - +2 hat
rPois   +            I - amulet of regeneration
rElec   .            n - ring of resist corrosion
rCorr   +            r - ring of poison resistance
SInv    .            D - ring of wizardry
Will    +....        E - ring of wizardry
Stlth   +++++        L - +4 ring of protection
HPRegen 1.16/turn    R - +4 ring of slaying
MPRegen 0.14/turn    y - +6 ring of intelligence
                     (no ring)

%: wizardry (x2)
@: about to teleport, gold aura
A: almost no armour, amphibious, 8 rings, camouflage 1, gelatinous body 1,
(nimble swimmer 1), tentacles
a: Renounce Religion, Potion Petition, Call Merchant, Bribe Branch


You were on level 4 of the Lair of Beasts.
You worshipped Gozag.
Gozag was most pleased with you.
You visited 3 branches of the dungeon, and saw 16 of its levels.
You also visited: Ossuary and Bailey.

You collected 4242 gold pieces.
You spent 1876 gold pieces at shops.
You paid 200 gold pieces to Gozag.

Inventory:

Hand Weapons
 a - a +5 scimitar of freezing (weapon)
 b - a +2 dagger of electrocution
 F - a +0 dagger of venom
Missiles
 c - 3 throwing nets
 T - 7 javelins (quivered)
Armour
 d - a +2 hat (worn)
Jewellery
 n - a ring of resist corrosion (left tentacle)
 r - a ring of poison resistance (right tentacle)
 y - a +6 ring of intelligence (on tentacle)
 D - a ring of wizardry (on tentacle)
 E - a ring of wizardry (on tentacle)
 I - an amulet of regeneration (around mantle)
 L - a +4 ring of protection (on tentacle)
 R - a +4 ring of slaying (on tentacle)
Wands
 p - a wand of mindburst (4)
 x - a wand of flame (17)
 H - a wand of charming (10)
 M - a wand of roots (4)
 S - a wand of digging (2)
Scrolls
 e - 3 scrolls of revelation
 f - 7 scrolls of enchant weapon
 t - 5 scrolls of fear
 u - 2 scrolls of teleportation
 v - a scroll of fog
 w - 2 scrolls of immolation
 A - 2 scrolls of vulnerability
 C - a scroll of silence {unknown}
 G - 4 scrolls of enchant armour
 P - a scroll of noise {unknown}
 Q - a scroll of acquirement
Potions
 g - 5 potions of enlightenment
 h - 8 potions of haste
 i - 5 potions of attraction
 j - 8 potions of curing
 k - 2 potions of ambrosia {unknown}
 l - 2 potions of invisibility {unknown}
 m - a potion of mutation {unknown}
 q - 3 potions of lignification
 s - 2 potions of heal wounds
 z - 2 potions of degeneration {unknown}
 B - 2 potions of berserk rage {unknown}
 J - 3 potions of might
 K - 3 potions of magic {unknown}
 N - 2 potions of cancellation {unknown}
 O - 3 potions of resistance {unknown}
Miscellaneous
 U - a lightning rod (4/4)


   Skills:
 - Level 11.0 Fighting
 - Level 9.4(12.3) Short Blades
 - Level 12.7(14.0) Long Blades
 - Level 2.0 Throwing
 + Level 13.9 Dodging
 - Level 10.0 Stealth
 - Level 3.0 Translocations
 - Level 3.0 Air Magic
 + Level 5.1 Evocations


You had 8 spell levels left.
You knew the following spells:

 Your Spells              Type           Power      Damage    Failure   Level
a - Swiftness             Air            11%        N/A       5%          3
b - Blink                 Tloc           22%        N/A       2%          2

Your spell library contained the following spells:

 Spells                   Type           Power      Damage    Failure   Level
 Lesser Beckoning         Tloc           22%        N/A       2%          2
 Shock                    Conj/Air       20%        1d4       3%          1
 Momentum Strike          Conj/Tloc      10%        3d8       4%          2
 Magic Dart               Conj           0%         1d3       5%          1
 Sandblast                Erth           0%         2d4       5%          1
 Call Imp                 Summ           0%         N/A       9%          2
 Stone Arrow              Conj/Erth      0%         3d7       16%         3
 Airstrike                Air            5%         2d(1-17)  16%         4
 Brom's Barrelling Bould  Conj/Erth      0%         2d3       45%         4


Dungeon Overview and Level Annotations

Branches:
Dungeon (10/15)            Temple (1/1) D:7            Lair (5/5) D:8
 Shoals (0/4) Lair:3        Snake (0/4) Lair:3        Slime (0/5) Lair:5
    Orc (0/2) D:9         Ossuary (visited)          Bailey (visited)

Altars:
Ashenzari
Cheibriados
Dithmenos
Elyvilon
Fedhas
Gozag
Hepliaklqana
Kikubaaqudgha
Makhleb
Nemelex Xobeh
Okawaru
Qazlal
Ru
Sif Muna
Trog
Uskayaw
Vehumet
Wu Jian
Xom
Yredelemnul
Zin
The Shining One
Jiyva

Shops:
D:1 [==(*   D:2 *   D:9 :   D:10 [

Annotations:
D:5 exclusion: downstairs
D:7 exclusion: downstairs
D:10 exclusions: 2 boggarts, door and two-headed ogre
Lair:1 1 runed translucent door, ratmeat3's ghost, journeyman OpFi
Lair:3 exclusion: downstairs
Lair:4 3 exclusions


Innate Abilities, Weirdness & Mutations

You cannot wear most types of armour.
You are amphibious.
You can wear up to eight rings at the same time.
Your skin changes colour to match your surroundings (Stealth+).
Your rubbery body absorbs attacks. (AC +1, EV +1)
((You are camouflaged when in or above water. (Stealth+)))
You have tentacles for arms and can constrict up to eight enemies at once.


Message History

The death yak gores you!
You slash the death yak! You freeze the death yak.
You kill the death yak!
Your Evocations skill increases to level 5!
You swing at nothing.
You hit the death yak. You freeze the death yak.
You squeeze the death yak, but do no damage.
The death yak gores you!!
You hear a bellow!
You hit the death yak but do no damage. The death yak gores you!!
* * * LOW HITPOINT WARNING * * *
You slash the death yak! You freeze the death yak! You slash the death yak!
You freeze the death yak. The death yak misses you.
You slash the death yak! You freeze the death yak. The death yak gores you.
* * * LOW HITPOINT WARNING * * *
You slash the death yak! You freeze the death yak. You squeeze the death yak!
You hit the death yak but do no damage. You squeeze the death yak.
You kill the death yak!
You swing at nothing.
You hit the death yak. You freeze the death yak. The death yak gores you!
* * * LOW HITPOINT WARNING * * *
You slice the death yak!! You freeze the death yak.
You squeeze the death yak, but do no damage.
You slash the death yak! You freeze the death yak. You squeeze the death yak!
The death yak misses you.
Throw: dart (curare)
Press: ? - help, Shift-Dir - straight line, f/p - death yak
Aim: a death yak (severely wounded, 82% to hit)
You throw a curare-tipped dart.
The curare-tipped dart hits the death yak.
The death yak is poisoned.
The death yak struggles to breathe.
The death yak seems to slow down.
The death yak gores you.
* * * LOW HITPOINT WARNING * * *
As you read the scroll of teleportation, it crumbles to dust.
You feel strangely unstable.
The death yak attacks as it pursues you!
The death yak gores you!
You die...
Your body crumbles into a pile of gold.

..............# #
...[..........# ####
..........#..## ##.##
.........##..## #...#
#........##...# ##....
#####..####...# ##.....
#*#########..## #P..... ##.*
##.#...##### ###...) ..##
#.......#Y@# #.... ...#
#.......$### #....
...####...###.Y..## #....
..###....#####....####
####.... .#......##.#
##....#.#####.....#.
#.P.......###
#...Y..#.##.#..####
.P..P.#.....#
###.Y.....P...##
............##
#...........##
...#.........###.........###


You could see a death yak (very poisoned, slow).

Vanquished Creatures
  An alligator (Lair:4)
  2 hydras
  3 catoblepae (Lair:5)
  A two-headed ogre (D:10)
  Urug (Lair:5)
  12 death yaks
  Sonja (Lair:5)
  A fire crab (Lair:4)
  3 skysharks
  A harpy (Lair:3)
  2 orc knights (Bailey)
  A salamander (Lair:3)
  2 manticores (Lair:5)
  11 elephants
  5 black mambas
  A torpor snail (Lair:5)
  7 cane toads
  A kobold demonologist (D:9)
  2 rime drakes
  4 komodo dragons
  3 trolls (D:10)
  3 polar bears
  2 hornets
  7 blink frogs
  7 dream sheep (Lair:3)
  2 shadows (D:10)
  A wraith (D:9)
  48 yaks
  7 wyverns
  6 basilisks
  4 steam dragons
  3 nagas (Lair:3)
  12 water moccasins
  6 orc warriors
  A black bear (Lair:4)
  An ogre (D:6)
  13 wolves
  7 centaurs
  4 phantoms
  12 bullfrogs
  2 water moccasin zombies (D:4)
  5 scorpions (D:5)
  8 wights
  A water moccasin skeleton (D:4)
  13 killer bees
  3 howler monkeys (D:9)
  An electric eel (Lair:4)
  5 bombardier beetles
  2 jellies
  A bullfrog zombie (D:4)
  3 hounds
  2 gnoll boudas
  4 orc priests
  A human zombie (D:4)
  A sleepcap (D:5)
  Jessica (D:2)
  2 iguanas
  A scorpion zombie (D:4)
  6 orc wizards
  A hound zombie (D:4)
  10 mummies
  Robin (D:2)
  11 gnolls
  7 adders
  2 shadow imps
  2 adder zombies (D:4)
  An adder skeleton (D:4)
  2 dart slugs
  A ribbon worm (D:2)
  49 orcs
  4 ball pythons
  7 endoplasms
  A giant cockroach (D:3)
  3 gnoll zombies (Ossuary)
  16 goblins
  17 hobgoblins
  5 jackals
  8 kobolds
  4 quokkas
  9 bats
  5 hobgoblin zombies
  2 kobold zombies (Ossuary)
  4 orc zombies (D:5)
  3 rats (D:2)
448 creatures vanquished.

Vanquished Creatures (collateral kills)
  A komodo dragon (Lair:3)
1 creature vanquished.

Vanquished Creatures (others)
  An orc warrior (Bailey)
1 creature vanquished.

Grand Total: 450 creatures vanquished

Notes
Turn   | Place    | Note
-------+----------+-------------------------------------------
     0 | D:1      | ragingrage the Octopode Gladiator began the quest for the
                  | Orb.
     0 | D:1      | Reached XP level 1. HP: 14/14 MP: 1/1
    47 | D:1      | Reached skill level 1 in Stealth
    51 | D:1      | Reached XP level 2. HP: 19/19 MP: 2/2
    91 | D:1      | Found Miocodau's Antique Armour Emporium.
    94 | D:1      | Found Nocoas's Jewellery Emporium.
   301 | D:1      | Found Mucolo's General Store.
   348 | D:1      | Found Ihut's Jewellery Shop.
   446 | D:1      | Reached XP level 3. HP: 19/24 MP: 3/3
   448 | D:1      | Learned a level 1 spell: Shock
   652 | D:2      | Noticed Robin
   843 | D:2      | Noticed Jessica
   928 | D:2      | Found Bokhliz's Assorted Antiques.
   972 | D:2      | Bought a viscous dark potion for 21 gold pieces
   972 | D:2      | Bought a sedimented coppery potion for 21 gold pieces
  1251 | D:2      | Reached XP level 4. HP: 29/29 MP: 4/4
  1412 | D:2      | Killed Robin
  1695 | D:2      | Killed Jessica
  1696 | D:2      | Reached skill level 5 in Long Blades
  1696 | D:2      | Reached XP level 5. HP: 31/34 MP: 5/5
  1760 | D:3      | Found an ornate altar of the Wu Jian Council.
  1891 | D:3      | Reached skill level 1 in Short Blades
  1957 | D:3      | Found a shimmering blue altar of Sif Muna.
  2650 | D:4      | Noticed a phantom
  2715 | D:4      | Killed a phantom
  2716 | D:4      | Reached XP level 6. HP: 26/39 MP: 6/6
  2995 | D:4      | Reached skill level 5 in Short Blades
  2995 | D:4      | Reached XP level 7. HP: 36/45 MP: 7/7
  3032 | D:4      | Found an ancient bone altar of Kikubaaqudgha.
  3382 | D:5      | Entered Level 5 of the Dungeon
  3528 | D:5      | Reached XP level 8. HP: 41/50 MP: 8/8
  3552 | D:5      | Found a sand-covered staircase.
  3594 | Ossuary  | Entered an ossuary
  4345 | D:6      | Found a glowing golden altar of the Shining One.
  4888 | D:5      | Reached XP level 9. HP: 55/55 MP: 9/9
  5862 | D:6      | Reached skill level 4 in Dodging
  5949 | D:7      | Learned a level 3 spell: Swiftness
  5982 | D:7      | Found a shadowy altar of Dithmenos.
  6024 | D:7      | Reached skill level 5 in Stealth
  6074 | D:7      | Reached skill level 1 in Air Magic
  6583 | D:6      | Found a snail-covered altar of Cheibriados.
  7040 | D:6      | Found a snail-covered altar of Cheibriados.
  7068 | D:6      | Reached skill level 5 in Dodging
  7219 | D:6      | Found a glowing golden altar of the Shining One.
  7491 | D:7      | Found a staircase to the Ecumenical Temple.
  7501 | Temple   | Entered the Ecumenical Temple
  7515 | Temple   | Became a worshipper of Gozag Ym Sagoz the Greedy
  7724 | D:7      | Found a broken altar of Ashenzari.
  8143 | D:1      | Bought an amulet of regeneration for 330 gold pieces
  8195 | D:1      | Found Beicer's Weapon Boutique.
  8496 | D:7      | Reached skill level 5 in Fighting
  8925 | D:7      | Reached skill level 6 in Dodging
  8986 | D:7      | Reached XP level 10. HP: 47/66 MP: 10/10
  9019 | D:8      | Found a blossoming altar of Fedhas.
  9648 | D:8      | Reached skill level 7 in Dodging
  9861 | D:8      | Found a staircase to the Lair.
 10038 | D:1      | Bought a +4 ring of protection for 396 gold pieces
 10620 | D:9      | Found a flagged portal.
 10694 | Bailey   | Entered a bailey
 10884 | Bailey   | Noticed an orc knight
 10898 | Bailey   | Killed an orc knight
 11061 | Bailey   | Noticed an orc knight
 11081 | Bailey   | Killed an orc knight
 11232 | D:9      | Reached skill level 10 in Long Blades
 11239 | D:9      | Reached XP level 11. HP: 54/71 MP: 11/11
 11322 | D:9      | Found a staircase to the Orcish Mines.
 11626 | D:9      | Found Upeox's Book Emporium.
 12240 | D:1      | Bought a +4 ring of slaying for 432 gold pieces
 12480 | D:10     | Entered Level 10 of the Dungeon
 12604 | D:10     | Found Ceanok's Armour Shoppe.
 12646 | D:10     | Noticed a two-headed ogre
 13002 | D:10     | Noticed a two-headed ogre
 13007 | D:10     | Killed a two-headed ogre
 13094 | D:10     | Noticed a deep elf pyromancer
 13094 | D:10     | Noticed an orc knight
 13299 | Lair:1   | Entered Level 1 of the Lair of Beasts
 13321 | Lair:1   | Found a runed translucent door.
 13480 | Lair:1   | Reached skill level 1 in Evocations
 13683 | Lair:1   | Learned a level 2 spell: Blink
 13920 | Lair:1   | Noticed ratmeat3's ghost (journeyman OpFi)
 13966 | Lair:2   | Reached skill level 1 in Translocations
 13969 | Lair:2   | Reached XP level 12. HP: 35/78 MP: 12/12
 14253 | Lair:2   | Reached skill level 8 in Dodging
 14367 | Lair:2   | Found a broken altar of Ashenzari.
 15010 | Lair:3   | Found a staircase to the Snake Pit.
 15164 | Lair:3   | You fall into a shaft and drop 2 floors!
 15164 | Lair:5   | Entered Level 5 of the Lair of Beasts
 15171 | Lair:4   | Noticed a skyshark
 15178 | Lair:4   | Killed a skyshark
 15377 | Lair:3   | Noticed a five-headed hydra
 15393 | Lair:3   | Killed a five-headed hydra
 15439 | Lair:3   | Reached skill level 9 in Dodging
 15801 | Lair:3   | Found a staircase to the Shoals.
 16749 | D:1      | Bought a scroll of acquirement for 676 gold pieces
 17315 | Lair:4   | Reached XP level 13. HP: 77/89 MP: 13/13
 17328 | Lair:4   | Reached skill level 10 in Dodging
 18278 | Lair:5   | Reached skill level 11 in Dodging
 18283 | Lair:5   | Reached skill level 10 in Fighting
 18353 | Lair:5   | Noticed Sonja
 18356 | Lair:5   | Killed Sonja
 18476 | Lair:5   | Noticed Urug
 18537 | Lair:5   | Found a viscous altar of Jiyva.
 18537 | Lair:5   | Found a staircase to the Slime Pits.
 18564 | Lair:5   | Killed Urug
 18620 | Lair:5   | Reached skill level 12 in Dodging
 19393 | Lair:5   | HP: 3/92 [yak (11)]
 19699 | Lair:4   | Reached skill level 10 in Stealth
 19936 | Lair:5   | Reached XP level 14. HP: 91/99 MP: 14/14
 20293 | Lair:5   | Reached skill level 13 in Dodging
 21137 | Lair:4   | HP: 3/101 [something (9)]
 21727 | Lair:4   | Reached skill level 5 in Evocations
 21741 | Lair:4   | Slain by a death yak

Illustrated notes

Levels and vault maps discovered:
D:1:      orjb1_clovarrival, layout_basic, serial_shops, shop, shop,
          nicolae_shop_tiny_real_fake_doors, nicolae_shop_gaudy_bauble,
          nicolae_lakefront_shop
D:2:      layout_loops_corners, serial_shops, shop, uniq_robin, uniq_jessica
D:3:      layout_basic, old_standard_altar, nicolae_sif_muna_condensation
D:4:      layout_basic, lemuel_mausoleum_altar_kikubaaqudgha
D:5:      old_forge, layout_layer_cave, nicolae_ossuary_entry_giza,
          corexii_item_surrounded_by_moat, minmay_mini_ossuary
D:6:      layout_rooms, amcnicky_altar_gilded, lemuel_round_altar
D:7:      layout_rooms, nicolae_ashenzari_panopticon,
          nicolae_dithmenos_the_darkroom, minmay_temple_entry_wispy
D:8:      layout_rooms, fedhas_altar_1, dpeg_oklobed_lair
D:9:      layout_loops_corners, orc_0_dummy, serial_shops, shop, enter_bailey_4
D:10:     minmay_chambers_of_sevens, layout_loops_ring, serial_shops, shop,
          nicolae_phantomly_mirrored
Temple:   nicolae_temple_bog_church
Lair:1:   layout_cave_shapes, ebering_ghost_reflecting_pool,
          serial_bayou_pond_c, st_stairs_4
Lair:2:   layout_roguey, serial_rivers, chequers_serial_rivers_micro_a,
          chequers_serial_rivers_micro_b, chequers_serial_rivers_large_a,
          chequers_serial_rivers_micro_e, chequers_serial_rivers_micro_e,
          chequers_serial_rivers_room_b, basic_altar, wad_woods_06,
          lemuel_fruit_tree
Lair:3:   layout_chaotic_city, mainiacjoe_shoals_entry_four_pools,
          alex1729_snake_entry_snake, grunt_megastairs_5
Lair:4:   layout_cave_pods, nicolae_quartered_pool_little,
          nicolae_lair_lakeside_cave
Lair:5:   evilmike_catoblepas_cave, layout_long_grid, dpeg_slime_entry_enclosed,
          uniq_urug, uniq_sonja

Skill      XL: |  1  2  3  4  5  6  7  8  9 10 11 12 13 14 |
---------------+-------------------------------------------+-----
Stealth        | 1 2 3 4 5 6 9 10 | 10.0
Long Blades    | 4 5 6 10 12 | 12.7
Short Blades   | 3 5 7 9 |  9.4
Fighting       | 5 8 10 11 | 11.0
Dodging        | 6 7 9 12 13 | 13.9
Air Magic      | 3 |  3.0
Evocations     | 2 3 4 5 |  5.1
Translocations | 1 3 |  3.0
Throwing       | |  2.0

Action                     |  1- 3 |  4- 6 |  7- 9 | 10-12 | 13-15 || total
---------------------------+-------+-------+-------+-------+-------++-------
  Melee: Long sword        |    53 |    20 |       |       |       ||    73
         Constrict         |    17 |    22 |    83 |    78 |    21 ||   221
         Tentacles         |    13 |    19 |    78 |   147 |   107 ||   364
         Dagger            |       |    71 |   336 |   316 |     8 ||   731
         Scimitar          |       |       |       |   205 |   355 ||   560
  Throw: Javelin           |       |     1 |       |       |     5 ||     6
         Throwing net      |       |       |       |     5 |     2 ||     7
         Dart              |       |       |       |       |     5 ||     5
  Evoke: Wand              |       |       |       |     2 |     3 ||     5
    Use: Scroll            |       |       |    10 |     9 |     3 ||    22
         Potion            |       |       |       |     1 |     3 ||     4
   Stab: Sleeping          |    11 |     5 |    18 |    19 |     5 ||    58
         Distracted        |     1 |       |     2 |     4 |     2 ||     9
         Held in net/web   |       |       |       |     1 |     1 ||     2
 Armour: Skin              |    21 |    36 |    94 |   201 |   191 ||   543
  Dodge: Dodged            |    29 |    28 |   106 |   254 |   231 ||   648

Table legend: (Time is in decaauts)
 A = Elapsed time spent in this place.
 B = Non-inter-level travel time spent in this place.
 C = Inter-level travel time spent in this place.
 D = Time resting spent in this place.
 E = Time spent auto-exploring this place.
 F = Levels seen in this place.
 G = Mean time per level.
                   A        B        C        D        E       F      G
               +--------+--------+--------+--------+--------+-----+--------+
         Total |  21287 |  18792 |   2495 |   3658 |  10483 |  18 | 1182.6 |
       Dungeon |  12542 |  10494 |   2048 |   1997 |   6072 |  10 | 1254.2 |
        Temple |     28 |      2 |     26 |      0 |      0 |   1 |   28.0 |
          Lair |   7865 |   7445 |    420 |   1598 |   4121 |   5 | 1573.0 |
       Ossuary |    360 |    360 |      0 |     27 |    144 |   1 |  360.0 |
        Bailey |    490 |    490 |      0 |     35 |    146 |   1 |  490.0 |
               +--------+--------+--------+--------+--------+-----+--------+

Top non-repeatable levels by time:
  Lair:4: 2727 daAuts
  Lair:5: 2083 daAuts
     D:6: 2081 daAuts
     D:5: 1744 daAuts
     D:2: 1454 daAuts
  Lair:3: 1371 daAuts
     D:4: 1341 daAuts
     D:7: 1264 daAuts
     D:8: 1173 daAuts
     D:9: 1127 daAuts
  Lair:2: 1019 daAuts
     D:3: 797 daAuts
     D:1: 788 daAuts
    D:10: 769 daAuts
  Lair:1: 664 daAuts
